 Dungeon Crawl Stone Soup version 0.30-a0-808-g6e0788376e (webtiles) character file.

Game seed: 1594120056878087358

15864 bande the Cleaver (level 12, -1/75 HPs)
             Began as a Gargoyle Fighter on Feb 27, 2023.
             Was a High Priest of Okawaru.
             Slain by a ten-headed hydra (3 damage)
             ... on level 2 of the Lair of Beasts.
             The game lasted 00:23:05 (11608 turns).

bande the Cleaver (Gargoyle Fighter)               Turns: 11608, Time: 00:23:05

Health: -1/75      AC: 35    Str: 21    XL:     12   Next: 31%
Magic:  0/17       EV:  8    Int:  9    God:    Okawaru [*****.]
Gold:   1677       SH:  7    Dex: 13    Spells: 11/11 levels left

rFire   + . .      SeeInvis .    s - +0 flail (drain)
rCold   + . .      Faith    .    c - +0 buckler
rNeg    + . .      Spirit   +    v - +0 plate armour
rPois   ∞          Reflect  .    y - +0 helmet
rElec   +          Harm     .    l - scarf {rC+ rF+}
rCorr   .          Rampage  .    H - +0 pair of gloves
Will    .....                    E - +2 pair of boots Stlth
                                 p - amulet of guardian spirit
HPRegen 0.32/turn                j - +4 ring of slaying
MPRegen 0.15/turn                t - +4 ring of protection

@: heroic
A: sickness immunity, AC +8, negative energy resistance 1, electricity
resistance, torment resistance 1, petrification resistance
a: Renounce Religion, Heroism, Finesse, Duel


You were on level 2 of the Lair of Beasts.
You worshipped Okawaru.
Okawaru was extremely pleased with you.
You visited 3 branches of the dungeon, and saw 14 of its levels.
You also visited: Sewer.

You collected 1677 gold pieces.

Inventory:

Hand Weapons
 a - a +1 vampiric war axe
 s - a +0 flail of draining (weapon)
 C - the +2 hammer of Harmony {heavy, *Rage Str+7}
   (You found it on level 6 of the Dungeon)

   Str:       It affects your strength (+7).
   *Rage:     It berserks you when you make melee attacks (+20% chance).
 Q - a +2 war axe of electrocution
Armour
 c - a +0 buckler (worn)
 l - a scarf of resistance (worn)
 v - a +0 plate armour (worn)
 y - a +0 helmet (worn)
 E - a +2 pair of boots (worn)
 H - a +0 pair of gloves (worn)
 P - a +1 hat
Jewellery
 h - a ring of wizardry
 j - a +4 ring of slaying (left hand)
 p - an amulet of guardian spirit (around neck)
 t - a +4 ring of protection (right hand)
 D - a ring of protection from cold
 F - a ring of resist corrosion
 G - an amulet of reflection
 L - a ring of magical power
 O - a +6 ring of dexterity
Wands
 n - a wand of flame (106)
 r - a wand of paralysis (16)
 u - a wand of polymorph (4)
 w - a wand of quicksilver (17)
Scrolls
 b - a scroll of blinking
 f - 2 scrolls of fog
 g - 2 scrolls of magic mapping
 i - 4 scrolls of amnesia
 m - 7 scrolls of teleportation
 B - 2 scrolls of identify
 I - a scroll of poison
 N - 2 scrolls of fear
Potions
 d - 6 potions of might
 e - 3 potions of haste
 k - a potion of magic
 o - 5 potions of curing
 q - a potion of brilliance
 x - a potion of invisibility
 z - a potion of resistance
 A - 2 potions of mutation
 J - 2 potions of ambrosia
 M - a potion of flight


   Skills:
 + Level 8.6(13.6) Fighting
 + Level 11.5(16.5) Axes
 + Level 8.4(13.4) Armour
 + Level 7.1(12.1) Shields
 * Level 7.1 Invocations
 * Level 7.3 Evocations


You had 11 spell levels left.
You didn't know any spells.
Your spell library contained the following spells:

 Spells                   Type           Power      Damage    Failure   Level
 Magic Dart               Conj           0%         1d3       99%         1
 Slow                     Hex            0%         N/A       99%         1
 Lesser Beckoning         Tloc           0%         N/A       100%        2
 Confusing Touch          Hex            0%         N/A       100%        3
 Gell's Gravitas          Tloc           0%         N/A       100%        3
 Mephitic Cloud           Conj/Pois/Air  0%         N/A       100%        3
 Teleport Other           Tloc           0%         N/A       100%        3
 Vampiric Draining        Necr           0%         2d6       100%        3
 Call Imp                 Summ           Unusable   N/A       N/A         2
 Summon Ice Beast         Ice/Summ       Unusable   N/A       N/A         4
 Summon Mana Viper        Hex/Summ       Unusable   N/A       N/A         5
 Monstrous Menagerie      Summ           Unusable   N/A       N/A         7

Dungeon Overview and Level Annotations

Branches:
Dungeon (11/15)            Temple (1/1) D:5            Lair (2/5) D:11
    Orc (0/2) D:9           Sewer (visited)
  Swamp: Lair:2-3    Shoals: Lair:2-3     Snake: Lair:2-3    Spider: Lair:2-3

Altars:
Ashenzari
Cheibriados
Dithmenos
Elyvilon
Fedhas
Gozag
Hepliaklqana
Kikubaaqudgha
Makhleb
Nemelex Xobeh
Okawaru
Qazlal
Ru
Sif Muna
Trog
Uskayaw
Vehumet
Wu Jian
Xom
Yredelemnul
Zin
The Shining One

Shops:
D:6 ?

Annotations:
D:9 3 runed translucent doors, exclusion: ice statue


Innate Abilities, Weirdness & Mutations

You are immune to sickness and miasma.
Your stone body is resilient. (AC +8)
You are immune to poison.
You resist negative energy. (rN+)
You are resistant to electric shocks. (rElec)
You are resistant to unholy torment.
You are immune to petrification.


Message History

The ten-headed hydra is heavily wounded.
The ten-headed hydra barely misses you.
The ten-headed hydra bites you but does no damage.
You block the ten-headed hydra's attack. x2
The ten-headed hydra bites you but does no damage.
You block the ten-headed hydra's attack.
The ten-headed hydra barely misses you.
The ten-headed hydra bites you but does no damage. x3
You barely miss the ten-headed hydra.
The ten-headed hydra is heavily wounded.
The ten-headed hydra completely misses you.
You block the ten-headed hydra's attack.
The ten-headed hydra bites you but does no damage. x3
The ten-headed hydra bites you.
* * * LOW HITPOINT WARNING * * *
The ten-headed hydra bites you!
* * * LOW HITPOINT WARNING * * *
The ten-headed hydra bites you but does no damage. x3
You barely miss the ten-headed hydra.
The ten-headed hydra is heavily wounded.
Unknown command.
You sock the ten-headed hydra!
The ten-headed hydra is heavily wounded.
You block the ten-headed hydra's attack.
The ten-headed hydra bites you but does no damage. x4
You block the ten-headed hydra's attack.
The ten-headed hydra bites you but does no damage. x2
The ten-headed hydra bites you.
* * * LOW HITPOINT WARNING * * *
The ten-headed hydra bites you but does no damage.
You hit the ten-headed hydra. You drain the ten-headed hydra.
The ten-headed hydra is severely wounded.
The ten-headed hydra bites you!
* * * LOW HITPOINT WARNING * * *
The ten-headed hydra bites you but does no damage. x2
The ten-headed hydra closely misses you.
The ten-headed hydra bites you.
* * * LOW HITPOINT WARNING * * *
The ten-headed hydra bites you.
You die...

#..##.#..##.P..#..##
#.............#....####
#######.....>.>.....##.
##..#.###.....<.. #
##.)### #.....P## ..#
## #....# ##..P.##
....#P##....# #)#P.#
...........## #.##.#
..#.##.@....# .. #.#
#....D.....# .P. #..
#.##.......... #.. #
........#..
$........##.
#####....## #..#^ .....


You could see a ten-headed hydra (drained).

Vanquished Creatures
  A boulder beetle (D:9)
  A two-headed ogre (D:11)
  Pikel (D:7)
  A black mamba (Lair:1)
  A cyclops (D:11)
  3 cane toads
  An unseen horror (D:11)
  A rime drake (Lair:1)
  A kobold demonologist (D:10)
  3 komodo dragons
  A troll (D:9)
  Grinder (D:4)
  2 hornets
  7 blink frogs (Lair:2)
  A shadow (D:10)
  A wraith (D:11)
  2 basilisks (Lair:2)
  9 yaks
  2 steam dragons (D:7)
  11 vampire mosquitoes
  Edmund (D:4)
  Duvessa (D:4)
  2 acid dragons
  6 water moccasins
  An ice beast (D:5)
  6 orc warriors
  A sky beast (D:7)
  7 centaurs
  2 phantoms
  2 lemures (D:7)
  2 bullfrogs
  3 kobold brigands
  4 scorpions
  A necrophage (D:6)
  2 gnoll sergeants
  5 wights (D:8)
  Dowan (D:4)
  13 killer bees
  A howler monkey (D:6)
  Crazy Yiuf (D:6)
  5 hounds
  2 jellies
  6 orc priests
  2 gnoll boudas
  3 iguanas
  6 orc wizards
  A hell rat (Sewer)
  Natasha (thrice) (D:3)
  Robin (D:4)
  23 gnolls
  A river rat (Sewer)
  9 adders
  A shadow imp (D:6)
  2 white imps
  An ufetubus (D:6)
  3 worms (D:3)
  5 dart slugs
  34 orcs
  8 ball pythons
  5 bats
  7 endoplasms
  7 giant cockroaches
  14 goblins
  15 hobgoblins
  2 jackals (D:2)
  17 kobolds
  3 quokkas
  7 frilled lizards
  19 rats
  A bush (D:6)
326 creatures vanquished.

Vanquished Creatures (others)
  12 fungi
  10 plants
22 creatures vanquished.

Grand Total: 348 creatures vanquished

Notes
Turn   | Place    | Note
-------+----------+-------------------------------------------
     0 | D:1      | bande the Gargoyle Fighter began the quest for the Orb.
     0 | D:1      | Reached XP level 1. HP: 14/14 MP: 1/1
    66 | D:1      | Reached XP level 2. HP: 19/19 MP: 2/2
   351 | D:1      | Reached skill level 2 in Axes
   415 | D:1      | Reached XP level 3. HP: 23/23 MP: 3/3
   991 | D:2      | Reached XP level 4. HP: 29/29 MP: 4/4
  1188 | D:2      | Reached skill level 3 in Axes
  1383 | D:2      | Found a snail-covered altar of Cheibriados.
  1521 | D:3      | Noticed Natasha
  1653 | D:2      | Reached XP level 5. HP: 32/33 MP: 3/5
  1709 | D:3      | Killed Natasha
  1718 | D:3      | Noticed Natasha
  1725 | D:3      | Killed Natasha
  1726 | D:3      | Reached skill level 4 in Axes
  1827 | D:3      | Noticed Natasha
  1831 | D:3      | Killed Natasha
  1839 | D:3      | Reached XP level 6. HP: 17/38 MP: 3/6
  2097 | D:3      | Reached skill level 1 in Evocations
  2600 | D:4      | Noticed Grinder
  2607 | D:4      | Paralysed by Grinder for 5 turns
  2619 | D:4      | Killed Grinder
  2620 | D:4      | Reached skill level 5 in Axes
  2620 | D:4      | Reached XP level 7. HP: 27/44 MP: 4/7
  2759 | D:4      | Noticed Duvessa
  2759 | D:4      | Noticed Dowan
  2767 | D:4      | Killed Dowan
  2773 | D:4      | Killed Duvessa
  2974 | D:4      | Reached skill level 5 in Fighting
  2990 | D:4      | Reached XP level 8. HP: 49/49 MP: 8/8
  2998 | D:4      | Found a glowing drain.
  3003 | Sewer    | Entered a sewer
  3058 | Sewer    | Reached skill level 6 in Axes
  3160 | D:4      | Noticed Robin
  3164 | D:4      | Killed Robin
  3252 | D:4      | Noticed Edmund
  3270 | D:4      | Killed Edmund
  3426 | D:5      | Entered Level 5 of the Dungeon
  3588 | D:5      | Reached skill level 7 in Axes
  3651 | D:5      | Found a sparkling altar of Nemelex Xobeh.
  3698 | D:5      | Found a staircase to the Ecumenical Temple.
  3714 | Temple   | Entered the Ecumenical Temple
  3972 | D:5      | Reached skill level 5 in Armour
  4397 | D:6      | Reached XP level 9. HP: 53/55 MP: 9/9
  4518 | D:6      | Found an iron altar of Okawaru.
  4523 | D:6      | Became a worshipper of Warmaster Okawaru
  4549 | D:6      | Reached skill level 5 in Shields
  4635 | D:6      | Found Ocituly's Magic Scroll Shop.
  4902 | D:6      | Reached skill level 1 in Invocations
  5087 | D:6      | Found a runed translucent door.
  5087 | D:6      | Identified the +2 hammer of Harmony {heavy, *Rage Str+7}
  5089 | D:6      | Noticed Crazy Yiuf
  5097 | D:6      | Killed Crazy Yiuf
  5232 | D:6      | Reached skill level 8 in Axes
  5523 | D:7      | You fall into a shaft and drop 1 floor!
  5568 | D:8      | Reached * piety under Okawaru
  6150 | D:7      | Found a stormy altar of Qazlal.
  6174 | D:7      | Noticed Pikel
  6191 | D:7      | Killed Pikel
  6192 | D:7      | Reached skill level 5 in Evocations
  6192 | D:7      | Reached XP level 10. HP: 61/61 MP: 10/12
  6233 | D:7      | Reached ** piety under Okawaru
  6237 | D:7      | Reached skill level 9 in Axes
  6730 | D:8      | Found a glowing golden altar of the Shining One.
  6908 | D:8      | Found a shimmering altar of Xom.
  7270 | D:9      | Found a runed translucent door.
  7284 | D:9      | Found a runed translucent door.
  7348 | D:9      | Reached *** piety under Okawaru
  7352 | D:9      | Found a staircase to the Orcish Mines.
  7423 | D:9      | Found a runed translucent door.
  7444 | D:9      | Found a runed translucent door.
  7489 | D:9      | Noticed a boulder beetle
  7569 | D:9      | Killed a boulder beetle
  8327 | D:9      | Noticed an ice statue
  8404 | D:10     | Entered Level 10 of the Dungeon
  8495 | D:10     | Reached skill level 10 in Axes
  8495 | D:10     | Reached XP level 11. HP: 39/67 MP: 7/14
  8500 | D:10     | Reached **** piety under Okawaru
  8506 | D:10     | Reached skill level 5 in Invocations
  8865 | D:10     | Received a gift from Okawaru
  9150 | D:11     | Found a staircase to the Lair.
  9228 | D:11     | Identified a scroll of acquirement
  9228 | D:11     | Acquired 989 gold pieces
  9248 | D:11     | Noticed a two-headed ogre
  9256 | D:11     | Killed a two-headed ogre
  9447 | D:11     | Reached ***** piety under Okawaru
  9764 | D:11     | Found an opulent altar of Gozag.
  9907 | D:11     | Noticed a cyclops
  9918 | D:11     | Killed a cyclops
 10406 | Lair:1   | Entered Level 1 of the Lair of Beasts
 10487 | Lair:1   | Identified the +6 flail of Reofri {speed, Int+2 Dex+5}
 10690 | Lair:1   | Reached skill level 11 in Axes
 10839 | Lair:1   | Received a gift from Okawaru
 10953 | Lair:1   | You fall into a shaft and drop 1 floor!
 10978 | Lair:2   | Reached XP level 12. HP: 64/74 MP: 12/16
 11589 | Lair:2   | Noticed a five-headed hydra
 11608 | Lair:2   | HP: 2/75 [ten-headed hydra (5)]
 11608 | Lair:2   | Slain by a ten-headed hydra

Illustrated notes

Levels and vault maps discovered:
D:1:      dpeg_arrival_houses_and_road, layout_loops_ring
D:2:      layout_loops_ring, basic_altar
D:3:      layout_basic, minmay_divided_ellipse, uniq_natasha
D:4:      layout_rooms, gup_sewer_entry_bowl, uniq_robin, uniq_edmund,
          uniq_duvessa, uniq_grinder
D:5:      layout_rooms, nemelex_diamond_rough_becter,
          minmay_temple_entry_sparse_star
D:6:      layout_loops_ring, overflow_temple_1_default, serial_shops,
          nicolae_shop_statue_plus, sigmund_army, uniq_crazy_yiuf_cottage
D:7:      kennysheep_steamy, layout_basic, nicolae_qazlal_general_emergency,
          uniq_pikel
D:8:      layout_loops_ring, xom_teletrap_fun, kennysheep_mini_moat,
          kennysheep_generic_room_13
D:9:      layout_roguey, david_orc_3, minmay_statue_crystal_thing
D:10:     layout_roguey
D:11:     layout_grid_maze, dpeg_oklobed_lair, grunt_gozag_breadcrumbs
Temple:   bh_familiar_temple
Lair:1:   layout_regular_city
Lair:2:   layout_loops_ring, nicolae_spider_entry_tight_spaces,
          lemuel_fruit_tree

Skill      XL: |  1  2  3  4  5  6  7  8  9 10 11 12 |
---------------+-------------------------------------+-----
Axes           | 2 3 4 5 7 8 10 11 | 11.5
Shields        | 4 5 6 7 |  7.1
Fighting       | 4 5 6 7 8 |  8.6
Armour         | 4 5 6 7 8 |  8.4
Evocations     | 2 3 5 6 7 |  7.3
Invocations    | 3 4 6 7 |  7.1

Action                     |  1- 3 |  4- 6 |  7- 9 | 10-12 || total
---------------------------+-------+-------+-------+-------++-------
  Melee: War axe           |   106 |   151 |   389 |   503 ||  1149
         Flail             |       |       |       |     7 ||     7
 Invoke: Heroism           |       |       |       |     1 ||     1
    Use: Scroll            |     3 |     8 |     7 |     7 ||    25
         Potion            |       |       |     1 |     1 ||     2
 Armour: Scale mail        |    66 |    68 |   168 |       ||   302
         Plate armour      |       |       |    36 |   638 ||   674
  Dodge: Dodged            |    49 |    74 |   168 |   190 ||   481
  Block: Buckler           |    17 |    26 |   102 |   196 ||   341

Table legend: (Time is in decaauts)
 A = Elapsed time spent in this place.
 B = Non-inter-level travel time spent in this place.
 C = Inter-level travel time spent in this place.
 D = Time resting spent in this place.
 E = Time spent auto-exploring this place.
 F = Levels seen in this place.
 G = Mean time per level.
                   A        B        C        D        E       F      G
               +--------+--------+--------+--------+--------+-----+--------+
         Total |  11816 |  11621 |    195 |   1072 |   7658 |  15 |  787.7 |
       Dungeon |  10310 |  10115 |    195 |   1045 |   6520 |  11 |  937.3 |
        Temple |    193 |    193 |      0 |      0 |    172 |   1 |  193.0 |
          Lair |   1196 |   1196 |      0 |     27 |    931 |   2 |  598.0 |
         Sewer |    115 |    115 |      0 |      0 |     34 |   1 |  115.0 |
               +--------+--------+--------+--------+--------+-----+--------+

Top non-repeatable levels by time:
    D:11: 1299 daAuts
     D:9: 1182 daAuts
     D:6: 1076 daAuts
     D:8: 973 daAuts
     D:3: 913 daAuts
     D:2: 887 daAuts
     D:7: 884 daAuts
     D:1: 870 daAuts
     D:4: 786 daAuts
     D:5: 727 daAuts
    D:10: 709 daAuts
  Lair:2: 650 daAuts
  Lair:1: 546 daAuts
  Temple: 193 daAuts
   Sewer: 115 daAuts
